 Dungeon Crawl Stone Soup version 0.29.1-4-g47bece8355 (webtiles) character file.

Game seed: 7737125505573928728

108 KittyFluff the Cudgeller (level 4, -15/60 HPs)
             Began as a Draconian Berserker on Dec 8, 2022.
             Was a Believer of Trog.
             Demolished by Terence
             ... wielding a +1 flail of protection
              (17 damage)
             ... on level 3 of the Dungeon.
             The game lasted 00:07:49 (1935 turns).

KittyFluff the Cudgeller (Draconian Berserker)      Turns: 1935, Time: 00:07:50

Health: -15/60     AC:  6    Str: 20    XL:     4   Next: 58%
Magic:  4/4        EV: 13    Int:  7    God:    Trog [**....]
Gold:   118        SH:  0    Dex: 12    Spells: 3/3 levels left

rFire   . . .      SeeInvis .   a - +0 mace
rCold   . . .      Faith    .   (no shield)
rNeg    . . .      Spirit   .   (body armour unavailable)
rPois   .          Reflect  .   (helmet restricted)
rElec   .          Harm     .   q - +0 cloak
rCorr   .          Rampage  .   (no gloves)
Will    .....                   (no boots)
Stlth   ..........              k - amulet of the acrobat
HPRegen 0.20/turn               (no ring)
MPRegen 0.09/turn               (no ring)

@: berserking, studying Evocations, very quick
A: AC +5, unfitting armour, cold-blooded
a: Renounce Religion, Berserk, Trog's Hand


You were on level 3 of the Dungeon.
You worshipped Trog.
Trog was pleased with you.
You visited 1 branch of the dungeon, and saw 3 of its levels.

You collected 118 gold pieces.

Inventory:

Hand Weapons
 a - a +0 mace (weapon)
 h - a +0 sling
Missiles
 e - 17 stones (quivered)
 m - 3 javelins
 o - 4 poisoned darts
 s - 6 boomerangs
Armour
 q - a +0 cloak (worn)
Jewellery
 k - an amulet of the acrobat (around neck)
Scrolls
 g - a scroll of enchant armour {unknown}
 i - a scroll of enchant weapon {unknown}
 j - a scroll of magic mapping {unknown}
 n - 2 scrolls of blinking {unknown}
 r - a scroll of poison {unknown}
 t - a scroll of torment {unknown}
Potions
 b - a potion of haste {unknown}
 c - a potion of might
 d - a potion of ambrosia
 f - a potion of magic
 l - a potion of mutation {unknown}
 p - a potion of lignification {unknown}


   Skills:
 + Level 4.0 Fighting
 + Level 4.2 Maces & Flails
 + Level 3.5 Dodging
 + Level 0.1 Stealth


You had 3 spell levels left.
You didn't know any spells.
Your spell library was empty.

Dungeon Overview and Level Annotations

Branches:
Dungeon (3/15)

Altars:
Gozag

Annotations:
D:3 Terence


Innate Abilities, Weirdness & Mutations

Your plain brown scales are hard. (AC +5)
You cannot fit into any form of body armour.
You are cold-blooded and may be slowed by cold attacks.


Message History

A rat comes into view.
You start resting.
A rat is nearby!
You hit the rat.
You kill the rat!
Trog accepts your kill.
Items here: ))) [ †††††.
You pick up a manual of Evocations and begin studying.
An orc comes into view. It is wielding a +0 flail.
You hit the orc.
The orc is severely wounded.
The orc barely misses you.
You hit the orc.
You kill the orc!
Trog accepts your kill.
Your Fighting skill increases to level 4!
Things that are here:
a +0 flail; a +0 ring mail; an orc corpse
Found a stone staircase leading down.
Terence, a rat and an endoplasm come into view.
Terence is wielding a +1 flail of protection.
The endoplasm quivers.
Terence drinks a potion.
Terence goes berserk!
Terence rages.
You hit Terence but do no damage.
You tail-slap Terence, but do no damage.
Terence completely misses you.
Terence hits you with a +1 flail of protection!
You barely miss Terence.
Terence hits you with a +1 flail of protection!
A rat comes into view.
Terence closely misses you.
You hit Terence but do no damage.
Terence hits you with a +1 flail of protection!
* * * LOW HITPOINT WARNING * * *
Terence barely misses you.
A red film seems to cover your vision as you go berserk!
You feel yourself moving faster!
You feel mighty!
Terence hits you with a +1 flail of protection!
You die...

#####.#
####......... ###
#............
#....########
#....+ . #....#.# .
#....#.# ...
###....#
.....#####r.#######
.......@@r.........
.....########......
... .#.... . # ...
.. .


You could see Terence (berserk) and 2 rats.

Vanquished Creatures
  5 adders
  A worm (D:2)
  A dart slug (D:1)
  2 orcs (D:3)
  A bat (D:2)
  An endoplasm (D:1)
  4 giant cockroaches
  3 goblins
  2 hobgoblins (D:1)
  8 jackals
  6 kobolds
  2 quokkas
  5 ball pythons
  4 frilled lizards
  8 rats
53 creatures vanquished.

Notes
Turn   | Place    | Note
-------+----------+-------------------------------------------
     0 | D:1      | KittyFluff the Draconian Berserker began the quest for the
                  | Orb.
     0 | D:1      | Reached XP level 1. HP: 19/19 MP: 1/1
    30 | D:1      | You fall into a shaft and drop 1 floor!
    58 | D:2      | Found an opulent altar of Gozag.
    76 | D:2      | Reached XP level 2. HP: 9/26 MP: 2/2
   551 | D:1      | Reached XP level 3. HP: 31/33 MP: 3/3
  1185 | D:2      | Reached ** piety under Trog
  1461 | D:2      | Found a faded altar of an unknown god.
  1519 | D:2      | Reached XP level 4. HP: 40/40 MP: 4/4
  1925 | D:3      | Noticed Terence
  1934 | D:3      | HP: 1/40 [Terence/+1 flail of protection (15)]
  1935 | D:3      | Demolished by Terence

Illustrated notes

Levels and vault maps discovered:
D:1:      nzn_arrival_water_spiral, layout_loops_corners
D:2:      layout_rooms, hellmonk_ecumenical_altar_pennies_from_heaven,
          basic_altar
D:3:      layout_basic, uniq_terence, uniq_natasha, uniq_pargi

Skill      XL: |  1  2  3  4 |
---------------+-------------+-----
Dodging        | 3 |  3.5
Maces & Flails | 4 |  4.2
Fighting       | 4 |  4.0
Stealth        | |  0.1

Action                   |  1- 3 |  4- 6 || total
-------------------------+-------+-------++-------
Melee: Mace              |   140 |    44 ||   184
       Tailslap          |     9 |     5 ||    14
       Punch             |       |     2 ||     2
Invok: Berserk           |       |     1 ||     1
  Use: Scroll            |       |     3 ||     3
 Stab: Sleeping          |     1 |       ||     1
Armor: Skin              |    56 |     7 ||    63
Dodge: Dodged            |   118 |    28 ||   146
